 Dungeon Crawl Stone Soup version 0.28.0-43-g3370ac3207 (webtiles) character file.

Game seed: 14510132908101995730

221 supersolar the Skirmisher (level 5, -4/47 HPs)
             Began as a Minotaur Fighter on Mar 29, 2022.
             Succumbed to a scorpion's poison
             ... on level 4 of the Dungeon.
             The game lasted 00:06:34 (3126 turns).

supersolar the Skirmisher (Minotaur Fighter)        Turns: 3126, Time: 00:06:35

Health: -4/47      AC:  7    Str: 18 (21) XL:     5   Next: 65%
Magic:  4/4        EV:  9    Int:  5 (7)  God:
Gold:   143        SH:  4    Dex:  7 (9)  Spells: 4/4 levels left

rFire   . . .      SeeInvis .   a - +0 long sword
rCold   . . .      Faith    .   c - +0 buckler
rNeg    . . .      Spirit   .   b - +0 scale mail
rPois   .          Reflect  .   (helmet restricted)
rElec   .          Harm     .   (no cloak)
rCorr   .          Rampage  .   (no gloves)
Will    .....                   (no boots)
Stlth   ..........              (no amulet)
HPRegen 0.15/turn               (no ring)
MPRegen 0.09/turn               (no ring)

@: lethally poisoned (-4 -> -36), flying
A: horns 2, retaliatory headbutt
a: no special abilities


You were on level 4 of the Dungeon.
You visited 1 branch of the dungeon, and saw 4 of its levels.

You collected 143 gold pieces.

Inventory:

Hand Weapons
 a - a +0 long sword (weapon)
Missiles
 h - 41 stones (quivered)
Armour
 b - a +0 scale mail (worn)
 c - a +0 buckler (worn)
 l - a +0 chain mail
Scrolls
 f - 4 scrolls of fear
 i - a scroll of teleportation
 j - a scroll of amnesia {unknown}
Potions
 d - a potion of might
 e - a potion of flight
 g - a potion of degeneration
 k - a potion of curing {unknown}


   Skills:
 * Level 4.8 Fighting
 * Level 3.6 Long Blades
 + Level 0.9 Throwing
 * Level 4.6 Armour
 + Level 1.1 Dodging
 * Level 4.7 Shields
 + Level 0.8 Invocations
 + Level 1.0 Evocations


You had 4 spell levels left.
You didn't know any spells.
Your spell library was empty.

Dungeon Overview and Level Annotations

Branches:
Dungeon (4/15)
 Temple: D:4-7

Altars:


Innate Abilities, Weirdness & Mutations

You have a pair of horns on your head.
You reflexively headbutt those who attack you in melee.


Message History

l - a +0 chain mail You now have 143 gold pieces (gained 7).
A scorpion comes into view.
You hit the scorpion. You headbutt the scorpion.
The scorpion is moderately wounded.
The scorpion stings you but does no damage. x2
You hit the scorpion but do no damage. You headbutt the scorpion!
The scorpion is severely wounded.
The scorpion stings you.
You are poisoned.
The scorpion poisons you!
You barely miss the scorpion.
The scorpion is severely wounded.
You feel very sick. The scorpion stings you. x2
You are more poisoned.
The scorpion poisons you!
You hit the scorpion.
The scorpion is almost dead.
You feel extremely sick. The scorpion stings you.
You are more poisoned.
The scorpion poisons you! The scorpion stings you.
* * * LOW HITPOINT WARNING * * *
You are more poisoned.
The scorpion poisons you!
It was a potion of flight.
You feel very buoyant.
You fly up into the air.
* * * LOW HITPOINT WARNING * * *
You feel extremely sick. The scorpion barely misses you.
You furiously retaliate!
You headbutt the scorpion!
You kill the scorpion!
Your Dodging skill increases to level 1!
Your Evocations skill increases to level 1!
It was a potion of degeneration.
There was something very wrong with that liquid.
You feel weakened.
You feel dopey.
You feel clumsy.
You die...

.#. . .. .. .. .#.. .
#.##.#.##.#..... .#..
..... ......
#....##.#.#.#.....
#.##....#.#.#.....
...................
.......#......##......
.........†@...........
......................
. .....##...........#.
... .....##.........##
....##..# #...(......#
........###...(..##.##
#......<)..(.)....(....
##...............>.....
#..#........#...#.(....


There were no monsters in sight!

Vanquished Creatures
  A scorpion (D:4)
  An orc wizard (D:4)
  7 gnolls (D:2)
  2 worms (D:2)
  2 orcs (D:4)
  8 ball pythons
  8 endoplasms
  A giant cockroach (D:3)
  4 goblins
  5 hobgoblins
  3 jackals (D:2)
  2 quokkas (D:2)
  5 bats
  A frilled lizard (D:3)
  7 kobolds
  6 rats
63 creatures vanquished.

Notes
Turn   | Place    | Note
-------+----------+-------------------------------------------
     0 | D:1      | supersolar the Minotaur Fighter began the quest for the
                  | Orb.
     0 | D:1      | Reached XP level 1. HP: 19/19 MP: 0/0
   211 | D:1      | Reached XP level 2. HP: 27/27 MP: 1/1
  1257 | D:2      | Reached XP level 3. HP: 29/33 MP: 2/2
  1508 | D:2      | Reached XP level 4. HP: 27/40 MP: 3/3
  2690 | D:3      | Found a faded altar of an unknown god.
  3086 | D:4      | Reached XP level 5. HP: 47/47 MP: 4/4
  3126 | D:4      | Reached skill level 1 in Dodging
  3126 | D:4      | Reached skill level 1 in Evocations
  3126 | D:4      | Succumbed to a scorpion's poison

Illustrated notes

Levels and vault maps discovered:
D:1:      onia_arrival_handbag, layout_basic, nrook_uturn
D:2:      layout_loops_ring
D:3:      layout_loops_ring, dreamdust_ecumenical_altar_statues
D:4:      layout_cave_pools, minmay_temple_entry_ruins

Skill      XL: |  1  2  3  4  5 |
---------------+----------------+-----
Fighting       | 4 |  4.8
Armour         | 4 |  4.6
Shields        | 4 |  4.7
Long Blades    | 3 |  3.6
Dodging        | 1 |  1.1
Evocations     | 1 |  1.0
Throwing       | |  0.9
Invocations    | |  0.8

Action                   |  1- 3 |  4- 6 || total
-------------------------+-------+-------++-------
Melee: Long sword        |    57 |    63 ||   120
       Headbutt          |     9 |    13 ||    22
Throw: Stone             |     1 |    11 ||    12
  Use: Scroll            |       |     3 ||     3
       Potion            |       |     2 ||     2
Armor: Scale mail        |    22 |    18 ||    40
Dodge: Dodged            |    33 |    17 ||    50
Block: Buckler           |    12 |    11 ||    23
